[Event "*** Titled Tuesday Blitz"]
[Site "Chess.com"]
[Date "2021.02.16"]
[Round "11"]
[White "elextranjero00"]
[Black "AlexeiShirov"]
[Result "0-1"]
[WhiteElo "2630"]
[BlackElo "2832"]
[TimeControl "180+1"]
[EndTime "12:09:17 PST"]
[Termination "AlexeiShirov won by resignation"]

1. d4 d5 2. c4 c6 3. Nf3 Nf6 4.
Nc3 e6 5. e3 Nbd7 6. Qc2 Bd6 7.
b3 O-O 8. Be2 b6 9. O-O Bb7 10.
Bb2 Qe7 11. Rfd1 Rfd8 12. g3 Rac8 13. Rac1 c5 14. cxd5 Nxd5 15. Nxd5 Bxd5 16. e4 Bb7 17. d5 exd5 18. exd5 Ne5 19. Nxe5 Bxe5 20. Bf3 Qf6 21. Bxe5 Qxf3 22. Qd3 Bxd5 23. Qxf3 Bxf3 24. Rxd8+ Rxd8 25.
Bc3 f6 26. h3 h5 27. Re1 Kf7 28. Kh2 Bc6 29. g4 h4 30. b4 Rd3 31. Rc1 c4 32.
f4 Re3 33. Rc2 Rf3 34. Kg1 Rxh3 0-1

[Event "*** Titled Tuesday Blitz"]
[Site "Chess.com"]
[Date "2021.02.16"]
[Round "11"]
[White "DonPreuss"]
[Black "Maddie"]
[Result "1-0"]
[WhiteElo "2241"]
[BlackElo "2044"]
[TimeControl "180+1"]
[EndTime "12:09:17 PST"]
[Termination "DonPreuss won by checkmate"]

1. d4 d5 2. e4 dxe4 3. Nc3 Nf6 4. f3 exf3 5. Nxf3 Bg4 6. h3 Bh5 7. g4 Bg6 8. Ne5 c6 9. g5 Nd5 10. Qf3 Nxc3 11. bxc3 e6 12. Bd3 Qc7 13. Rf1 Bd6 14.
Bxg6 hxg6 15. Nxf7 Bg3+ 16. Ke2 Rf8 17. Qe4 Rxf7 18.
Qxg6 Kf8 19. Qh7 Rxf1 20. Ba3+ Ke8 21. Rxf1 Bf4 22. Qg8+ Kd7 23. Qxg7+ Kd8 24. Qf8+ Kd7 25. Rxf4 Na6 26. Rf7# 1-0

[Event "*** Titled Tuesday Blitz"]
[Site "Chess.com"]
[Date "2021.02.16"]
[Round "11"]
[White "Alexander_Moskalenko"]
[Black "stoleriu"]
[Result "0-1"]
[WhiteElo "2744"]
[BlackElo "2636"]
[TimeControl "180+1"]
[EndTime "12:09:20 PST"]
[Termination "stoleriu won by resignation"]

1. d4 e6 2. e4 d5 3. exd5 exd5 4.
Nf3 Bd6 5. Bd3 Nc6 6. O-O Nge7 7.
c3 Bg4 8. Nbd2 Qd7 9. b4 O-O-O 10. a4 f6 11. a5 g5 12. b5 Nb8 13. b6 cxb6 14. axb6 a6 15. Nb3 h5 16. Ba3 h4 17.
Bxd6 Qxd6 18. Be2 Ng6 19. Nfd2 Bxe2 20. Qxe2 Nf4 21. Qg4+ Qd7 22. Qxd7+ Nxd7 23. Nc5 Nxc5 24. dxc5 Kd7 25. Nb3 Ne2+ 26. Kh1 Nxc3 27. Nd4 Ne4 28.
c6+ bxc6 29. Rxa6 Ra8 30. Rfa1 Rxa6 31. Rxa6 Rb8 32. f3 Nc5 33. Ra7+ Kd6 34. Nf5+ Ke5 35. Ne7 Rxb6 36. h3 d4 37. Kg1 Ke6 38. Kf1 Rb1+ 39.
Ke2 Rb2+ 40. Kf1 d3 41. Nxc6 Rb1+ 42. Kf2 d2 43. Nd4+ Ke5 44. Ne2 d1=Q 45. Re7+ Kd6 46.
Re8 Qe1+ 0-1

[Event "*** Titled Tuesday Blitz"]
[Site "Chess.com"]
[Date "2021.02.16"]
[Round "11"]
[White "IwkooO"]
[Black "rynos0411"]
[Result "0-1"]
[WhiteElo "2613"]
[BlackElo "2506"]
[TimeControl "180+1"]
[EndTime "12:09:22 PST"]
[Termination "rynos0411 won by checkmate"]

1. e4 c6 2. d4 d5 3. e5 Bf5 4. Nd2 e6 5. Nb3 c5 6. dxc5 Bxc5 7. Nxc5 Qa5+ 8. c3 Qxc5 9. Be3 Qc7 10. f4 h5 11. Nf3 Ne7 12. Be2 Nbc6 13. O-O O-O 14.
Ng5 g6 15. h3 Kg7 16. Bc5 Nxe5 17. Bd4 f6 18. fxe5 fxg5 19. Qd2 g4 20. hxg4 hxg4 21.
Qg5 Nc6 22. Bxg4 Qe7 23. Qf4 Nxd4 24. Qxd4 Rac8 25. Bxf5 Rxf5 26. Rxf5 gxf5 27. Qxa7 Rc4 28. Rd1 Re4 29. Qb8 Re2 30. Rd3 Qg5 31. Qxb7+ Kg6 32. g3 Qc1+ 33. Rd1 Qxd1# 0-1

[Event "*** Titled Tuesday Blitz"]
[Site "Chess.com"]
[Date "2021.02.16"]
[Round "11"]
[White "dodorox"]
[Black "MF1966Idrisov"]
[Result "0-1"]
[WhiteElo "2197"]
[BlackElo "2358"]
[TimeControl "180+1"]
[EndTime "12:09:22 PST"]
[Termination "MF1966Idrisov won by resignation"]

1. d4 d6 2. c4 f5 3. Nc3 Nf6 4. g3 e6 5. Bg2 Be7 6. Nf3 O-O 7. O-O Ne4 8. Qc2 Nxc3 9. Qxc3 Bf6 10. Qc2 e5 11. e3 Nc6 12. d5 Nb8 13. Nd2 b6 14. e4 f4 15. h3 fxg3 16. fxg3 a5 17. Nf3 Na6 18. Be3 Nc5 19. Rf2 Bd7 20. Raf1 Qe7 21.
Kh2 h6 22. Nd2 Bg5 23. Bxg5 Qxg5 24. Nf3 Qe3 25. Re2 Qd3 26. Qxd3 Nxd3 27. Ne1 Rxf1 28. Bxf1 Nc1 29. Rc2 Nxa2 30. Nd3 Nb4 31. Nxb4 axb4 32. Kg2 Ra1 33. Kf2 Ba4 34. Rd2 Bb3 35. Ke3 Rxf1 0-1

[Event "*** Titled Tuesday Blitz"]
[Site "Chess.com"]
[Date "2021.02.16"]
[Round "11"]
[White "zmeeed67"]
[Black "Balla_Tamas"]
[Result "0-1"]
[WhiteElo "2330"]
[BlackElo "2458"]
[TimeControl "180+1"]
[EndTime "12:09:24 PST"]
[Termination "Balla_Tamas won by resignation"]

1. e4 g6 2. g3 Bg7 3. Bg2 c5 4. Ne2 Nc6 5. O-O d6 6. Nbc3 a6 7. a3 e6 8. Rb1 Nge7 9. b4 b5 10.
d3 Bb7 11. f4 O-O 12. h3 Qc7 13. Kh2 cxb4 14. axb4 Nxb4 15. Rxb4 Bxc3 16. Nxc3 Qxc3 17. Rb3 Qc7 18. Bb2 f6 19. f5 exf5 20. exf5 Bxg2 21.
Kxg2 Nxf5 22. Rxf5 gxf5 23. Bd4 Qc6+ 24. Kh2 Qd5 25.
c3 Rae8 26. Rb2 Re5 27. Rf2 Rfe8 28. Qh5 Qf7 29. Qf3 a5 30. Bxe5 fxe5 31. g4 f4 32. Qc6 a4 33. Qxb5 a3 34. Qa4 Rc8 35. Qxa3 Qd5 36. Qb2 Qxd3 37. Qb3+ Qc4 38. Qa3 Qxc3 39. Qxc3 Rxc3 40. Rd2 Rc6 41. Kg2 Kf7 42. Kf3 Ke6 43. g5 Kf5 44. h4 e4+ 45. Ke2 Kg4 46. Rd4 e3 47. g6 hxg6 0-1

[Event "*** Titled Tuesday Blitz"]
[Site "Chess.com"]
[Date "2021.02.16"]
[Round "11"]
[White "ajedrez1101"]
[Black "Michaelson_11"]
[Result "1-0"]
[WhiteElo "2137"]
[BlackElo "2249"]
[TimeControl "180+1"]
[EndTime "12:09:24 PST"]
[Termination "ajedrez1101 won by resignation"]

1. b3 Nf6 2. Bb2 g6 3. Bxf6 exf6 4. c4 c5 5. Nc3 Bg7 6. g3 O-O 7. Bg2 Nc6 8. e3 f5 9. Nge2 d6 10. O-O Ne7 11. Nf4 g5 12. Nfd5 Nxd5 13. Bxd5 Qf6 14. Rc1 f4 15. Bg2 Qg6 16. Nd5 Kh8 17. exf4 gxf4 18.
Nxf4 Qh6 19. Qh5 Qxh5 20. Nxh5 Bd4 21. Nf4 Bf5 22. Bxb7 Rae8 23. Bf3 Re5 24. Rfe1 Rfe8 25. Kf1 Bb2 26. Rxe5 Rxe5 27. Re1 Rxe1+ 28. Kxe1 Bb1 29. Bd1 Bxa2 30. Bc2 Kg7 31. Nd3 Bd4 32. Nc1 1-0

[Event "*** Titled Tuesday Blitz"]
[Site "Chess.com"]
[Date "2021.02.16"]
[Round "11"]
[White "SanQui14"]
[Black "safikiet"]
[Result "0-1"]
[WhiteElo "2398"]
[BlackElo "2315"]
[TimeControl "180+1"]
[EndTime "12:09:25 PST"]
[Termination "safikiet won by resignation"]

1. d4 d5 2. c4 dxc4 3. e3 Nf6 4. Nf3 e6 5. Bxc4 a6 6. O-O b5 7. Bd3 Bb7 8. Qe2 Nbd7 9. Rd1 c5 10. dxc5 Bxc5 11.
Nc3 O-O 12. h3 Rc8 13. a3 Qb6 14. e4 Rfd8 15. Bg5 h6 16. Bh4 Re8 17. Rac1 Qa7 18. b4 Be7 19. e5 Nd5 20. Bxe7 Nxe7 21. Ne4 Bxe4 22. Qxe4 Nf8 23. Nd4 Nd5 24. Kh2 Nc3 25.
Rxc3 Rxc3 26. f4 Qa8 27. Qe2 Rxa3 28. f5 exf5 29. Nxf5 Qb8 30. Re1 Rb3 31. Qg4 Ng6 32. Bc2 Rc3 33. Bb1 Rxe5 34. Nxh6+ gxh6 35. Bxg6 Rxe1+ 36. g3 Qxg3+ 37. Qxg3 Rxg3 38. Kxg3 fxg6 39. h4 Rb1 40. Kf4 Rxb4+ 41. Ke5 Rxh4 0-1

[Event "*** Titled Tuesday Blitz"]
[Site "Chess.com"]
[Date "2021.02.16"]
[Round "11"]
[White "Kapibara_Warri0r"]
[Black "andrzej"]
[Result "0-1"]
[WhiteElo "2173"]
[BlackElo "2297"]
[TimeControl "180+1"]
[EndTime "12:09:29 PST"]
[Termination "andrzej won by resignation"]

1. d4 Nf6 2. c4 c5 3. d5 b5 4. cxb5 a6 5. Nc3 axb5 6. Nxb5 d6 7. e3 g6 8. a4 Bg7 9. Bc4 O-O 10. Ne2 Na6 11. O-O Nc7 12. Nec3 Ba6 13. Qd3 Nd7 14. Nxc7 Bxc4 15. Qxc4 Qxc7 16. Ra2 Ne5 17. Qe2 c4 18.
Bd2 Rfb8 19. Rfa1 Nd3 20. Nb5 Qb6 21. Bc3 Bxc3 22. bxc3 Qc5 23. h3 h5 24. g4 hxg4 25.
Qxg4 Ne5 26. Qf4 Kg7 27. Kf1 Rh8 28. Qd4 Qc8 29. Ke2 Qxh3 30. Nc7 Qf3+ 31. Kd2 Qxf2+ 32. Kc1 Rh1+ 0-1

[Event "*** Titled Tuesday Blitz"]
[Site "Chess.com"]
[Date "2021.02.16"]
[Round "11"]
[White "Zq1"]
[Black "Ladislav1969"]
[Result "1-0"]
[WhiteElo "2510"]
[BlackElo "2337"]
[TimeControl "180+1"]
[EndTime "12:09:30 PST"]
[Termination "Zq1 won on time"]

1. d4 Nf6 2. c4 g6 3. Nc3 d5 4.
Nf3 Bg7 5. cxd5 Nxd5 6. Bd2 c5 7. Rc1 Nxc3 8. Bxc3 cxd4 9. Nxd4 O-O 10. e3 Bd7 11. Be2 Nc6 12. Bf3 Nxd4 13. Bxd4 Qa5+ 14. Qd2 Qxd2+ 15. Kxd2 Bxd4 16. exd4 Rab8 17. Rc7 Rfd8 18. b3 e5 19. Rxb7 Rxb7 20. Bxb7 Be6 21. Rc1 Rxd4+ 22. Ke3 a5 23. Bc6 Kg7 24. Rc5 f6 25. Rxa5 Rd1 26. Ra7+ Kh6 27. h4 Re1+ 28. Kd2 Rf1 29. Ke2 Rb1 30.
g3 Bg4+ 31. Bf3 Rb2+ 32. Ke3 Bf5 33. g4 1-0

[Event "*** Titled Tuesday Blitz"]
[Site "Chess.com"]
[Date "2021.02.16"]
[Round "11"]
[White "Lysiak_Poltorak"]
[Black "vovachesss"]
[Result "0-1"]
[WhiteElo "2434"]
[BlackElo "2635"]
[TimeControl "180+1"]
[EndTime "12:09:30 PST"]
[Termination "vovachesss won by resignation"]

1. d4 e5 2. dxe5 d6 3. Nf3 Nc6 4. e4 Nge7 5. Bb5 a6 6. Ba4 Bg4 7. Bb3 Ng6 8. Nc3 Ngxe5 9. Nxe5 Nxe5 10. Qd2 Be7 11. Nd5 O-O 12. Nxe7+ Qxe7 13. Qf4 Be6 14. Bxe6 fxe6 15. Qg5 Qd7 16. O-O Qc6 17. Bf4 Ng6 18. Bg3 Qxe4 19. Rfe1 Qf5 20. Qe3 e5 21. c4 Rae8 22.
Rad1 h5 23. h3 h4 24. Bh2 Qf7 25. c5 d5 26. Bxe5 Rxe5 27. Qxe5 Qxf2+ 28. Kh1 Nxe5 0-1

[Event "*** Titled Tuesday Blitz"]
[Site "Chess.com"]
[Date "2021.02.16"]
[Round "11"]
[White "Spalir"]
[Black "Bulldog167"]
[Result "1-0"]
[WhiteElo "2691"]
[BlackElo "2856"]
[TimeControl "180+1"]
[EndTime "12:09:31 PST"]
[Termination "Spalir won by resignation"]

1. e4 e6 2. d4 d5 3. Nc3 Bb4 4. e5 c5 5. a3 Bxc3+ 6. bxc3 Ne7 7. Qg4 Qc7 8. Qxg7 Rg8 9. Qxh7 cxd4 10. Ne2 Nbc6 11. f4 dxc3 12. Qd3 d4 13. h4 Bd7 14. h5 O-O-O 15. h6 Kb8 16. h7 Rh8 17. g4 Bc8 18. Rb1 b6 19. Bg2 Bb7 20. Kf2 Ng6 21.
Rh5 Nf8 22. Ng3 Nd7 23. Ne4 Ndxe5 24. fxe5 Nxe5 25. Qg3 f5 26. Bf4 Nxg4+ 27. Qxg4 fxg4 28. Bxc7+ Kxc7 29. Ng5 Bxg2 30. Kxg2 Rd7 31. Rf1 e5 32. Nf7 Rxh7 33. Rxh7 e4 34. Ng5 Rxh7 35. Nxh7 d3 36. Nf6 Kc6 37. Nxe4 dxc2 38. Nxc3 1-0

[Event "*** Titled Tuesday Blitz"]
[Site "Chess.com"]
[Date "2021.02.16"]
[Round "11"]
[White "TeukkaSalama"]
[Black "PlotnikovPavel"]
[Result "0-1"]
[WhiteElo "2365"]
[BlackElo "2465"]
[TimeControl "180+1"]
[EndTime "12:09:31 PST"]
[Termination "PlotnikovPavel won by checkmate"]

1. d4 Nf6 2. Nf3 g6 3. Bg5 Bg7 4. Nbd2 O-O 5. c3 d5 6. e3 Nbd7 7. Be2 c6 8. O-O Re8 9. h3 e5 10. a4 h6 11. Bh4 Qb6 12. b4 a5 13. b5 c5 14. dxe5 Nxe5 15. Nxe5 Rxe5 16. c4 d4 17. Nf3 Re4 18. Bd3 Re8 19. exd4 cxd4 20. Qc2 Be6 21.
c5 Qd8 22. Rad1 Qd5 23. Bxf6 Bxf6 24. Be4 Qh5 25. Nxd4 Rad8 26. Nxe6 Rxd1 27. Rxd1 Rxe6 28. Bxb7 Re2 29. Qd3 Bh4 30. Bf3 Bxf2+ 31. Kf1 Re1+ 32. Rxe1 Qxc5 33. Rd1 Bg1 34. Qe2 Bh2 35. Qf2 Qc4+ 36. Be2 Qxa4 37. b6 Qc6 38. Rb1 Qb7 39. Qf3 Qc8 40. b7 Qc5 41. b8=Q+ Kg7 42. Qb2+ Kg8 43. Qbc3 Qg1# 0-1

[Event "*** Titled Tuesday Blitz"]
[Site "Chess.com"]
[Date "2021.02.16"]
[Round "11"]
[White "Firouzja2003"]
[Black "Fandorine"]
[Result "1-0"]
[WhiteElo "3078"]
[BlackElo "2849"]
[TimeControl "180+1"]
[EndTime "12:09:32 PST"]
[Termination "Firouzja2003 won by checkmate"]

1. d4 Nf6 2. Bg5 g6 3. Nd2 Bg7 4.
e4 d6 5. Ngf3 O-O 6. c3 Nc6 7.
Bd3 Qe8 8. h3 e5 9. O-O Nd7 10.
Re1 Kh8 11. Rc1 f5 12. b4 a6 13. a4 f4 14. b5 axb5 15. axb5 Ncb8 16. Nc4 h6 17. Bh4 g5 18. Bxg5 hxg5 19. Nxg5 Qg6 20. Nf3 Bf6 21. Bf1 Qg7 22. Rb1 Nb6 23. Nxb6 cxb6 24.
Nd2 Be6 25. Nc4 Bxc4 26. Bxc4 Nd7 27. Bd5 exd4 28. Be6 Nc5 29. Bf5 Kg8 30. cxd4 Bxd4 31. Qh5 Ra2 32. Rf1 Be5 33. Rbc1 Rd2 34. Kh1 Rxf5 35.
exf5 Qf7 36. Qg5+ Kh7 37. g4 Qd5+ 38. Kg1 Qf7 39. Rfe1 Nd3 40. Qh4+ Kg7 41. Rc8 Bf6 42. Qh8# 1-0

[Event "*** Titled Tuesday Blitz"]
[Site "Chess.com"]
[Date "2021.02.16"]
[Round "11"]
[White "Sergienko_Sergey"]
[Black "Walter_White_Poland"]
[Result "1/2-1/2"]
[WhiteElo "2431"]
[BlackElo "2356"]
[TimeControl "180+1"]
[EndTime "12:09:35 PST"]
[Termination "Game drawn by repetition"]

1. e4 e5 2. Nf3 Nc6 3. Bb5 a6 4. Ba4 Nf6 5. Bxc6 dxc6 6. d3 Bc5 7.
Nbd2 Ng4 8. O-O h5 9. Nc4 Qf6 10. Be3 Nxe3 11. fxe3 Bg4 12. Qd2 Bxf3 13. Rxf3 Qe6 14. Qc3 f6 15. Na5 Bb6 16. Nxb7 Rb8 17. Na5 Bxa5 18. Qxa5 Rxb2 19. Qxa6 O-O 20. Rf2 Rfb8 21. h3 h4 22. a4 Kh7 23. a5 Rb1+ 24. Rxb1 Rxb1+ 25. Rf1 Qa2 26. Rxb1 Qxb1+ 27. Kh2 Qe1 28.
Qxc6 Qg3+ 29. Kg1 Qe1+ 30. Kh2 Qg3+ 31. Kg1 Qe1+ 32. Kh2 1/2-1/2

[Event "*** Titled Tuesday Blitz"]
[Site "Chess.com"]
[Date "2021.02.16"]
[Round "11"]
[White "L1m96"]
[Black "Harry_Rakkel"]
[Result "0-1"]
[WhiteElo "2537"]
[BlackElo "2688"]
[TimeControl "180+1"]
[EndTime "12:09:36 PST"]
[Termination "Harry_Rakkel won by resignation"]

1. e4 c5 2. Nf3 e6 3. d4 cxd4 4. Nxd4 Nc6 5. Nc3 Qc7 6. Be2 Nf6 7. O-O a6 8. Be3 Bb4 9. Nxc6 bxc6 10. Na4 O-O 11.
Qd4 Bd6 12. h3 Be5 13. Qd3 d5 14. exd5 cxd5 15. c4 Rb8 16. Rac1 Qa5 17. b3 dxc4 18. Rxc4 Nd5 19. Bd2 Qd8 20. Nc5 Nb6 21. Rc2 Nd5 22.
Nxa6 Bxa6 23. Qxa6 Nb4 24. Bxb4 Rxb4 25. Bc4 Rb6 26.
Qa5 Bc7 27. Rd2 Rd6 28. Rxd6 Qxd6 0-1

[Event "*** Titled Tuesday Blitz"]
[Site "Chess.com"]
[Date "2021.02.16"]
[Round "11"]
[White "ErikBlomqvist"]
[Black "atalz0"]
[Result "1-0"]
[WhiteElo "2518"]
[BlackElo "2414"]
[TimeControl "180+1"]
[EndTime "12:09:36 PST"]
[Termination "ErikBlomqvist won by resignation"]

1. e4 d5 2. exd5 Nf6 3. d4 Nxd5 4. Nf3 Bg4 5. Be2 e6 6. h3 Bh5 7. c4 Nb6 8. Be3 Nc6 9. Nbd2 Bb4 10. g4 Bg6 11. a3 Be7 12. h4 h5 13. g5 Qd7 14.
Qb3 O-O-O 15. O-O-O Na5 16. Qc3 Qa4 17. Ne5 Bf5 18. Bd3 Bxd3 19. Qxd3 Bc5 20. Nxf7 Bxd4 21. Bxd4 Rxd4 22. Qxd4 Rf8 23. g6 Nbxc4 24. Nxc4 Nb3+ 25.
Kb1 Nxd4 26. Rxd4 Qc6 27. Rhd1 b5 28. Rd8+ Rxd8 29. Rxd8+ Kb7 30. Na5+ Kb6 31. Nxc6 Kxc6 32. Rg8 1-0

[Event "*** Titled Tuesday Blitz"]
[Site "Chess.com"]
[Date "2021.02.16"]
[Round "11"]
[White "kobemagic"]
[Black "verdest"]
[Result "0-1"]
[WhiteElo "2404"]
[BlackElo "2504"]
[TimeControl "180+1"]
[EndTime "12:09:38 PST"]
[Termination "verdest won by resignation"]

1. c4 Nf6 2. g3 e6 3. Bg2 d5 4. Nf3 d4 5. O-O c5 6. b4 cxb4 7. a3 Nc6 8. d3 a5 9. Qa4 Bd7 10. Bd2 Be7 11. axb4 Bxb4 12. Bxb4 Nxb4 13. Qb3 Bc6 14.
Nbd2 O-O 15. Rfb1 h6 16. Ne1 e5 17. Nc2 Nxc2 18. Qxc2 Re8 19. Bxc6 bxc6 20. Qa4 Qd6 21. Rb6 Re6 22. f3 Nd7 23. Rb2 Nc5 24. Qa3 f5 25. Nb3 Nxb3 26. Rxb3 c5 27. Qa4 e4 28. fxe4 fxe4 29. Rf1 exd3 30. exd3 Qe5 31. Qd7 Qe3+ 32. Kh1 Rae8 33. Rb7 R8e7 34. Qc8+ Kh7 35. Rxe7 Rxe7 36. Qxc5 Qxd3 37. Qf5+ Qxf5 38. Rxf5 Rd7 39. Kg2 d3 40. Rf1 Kg6 41. Ra1 d2 42. Rd1 Kf5 43. Kf3 Rd3+ 44. Ke2 Ke4 45. c5 Re3+ 46. Kxd2 Rd3+ 47. Kc2 Rxd1 48. Kxd1 Kd5 0-1

[Event "*** Titled Tuesday Blitz"]
[Site "Chess.com"]
[Date "2021.02.16"]
[Round "11"]
[White "Nils_03"]
[Black "esteban062000"]
[Result "1-0"]
[WhiteElo "2353"]
[BlackElo "2179"]
[TimeControl "180+1"]
[EndTime "12:09:38 PST"]
[Termination "Nils_03 won by resignation"]

1. e4 c5 2. Nf3 g6 3. c3 d5 4. exd5 Qxd5 5. d4 Bg7 6. Na3 a6 7. Be3 Nf6 8. dxc5 O-O 9. Qxd5 Nxd5 10. Bd4 Nd7 11. Bxg7 Kxg7 12. O-O-O e6 13. Bc4 N5f6 14. c6 bxc6 15. Rhe1 Nb6 16. Bb3 Bb7 17. Ne5 Rad8 18. f3 Nh5 19. Nac4 Nxc4 20. Bxc4 Nf4 21. g3 Nd5 22.
Bb3 Nb6 23. Nd3 Nd7 24. Ba4 Nb6 25. Bc2 Nd7 26. f4 c5 27. Ba4 c4 28. Bxd7 Rxd7 29. Nc5 Rxd1+ 30. Rxd1 Bf3 31. Rf1 Be2 32. Rf2 Bg4 33.
Nxa6 Ra8 34. Nb4 h5 35. a3 h4 36. Nc2 h3 37. Ne3 Bh5 38. g4 Rd8 39. gxh5 gxh5 40. Nxc4 Kf6 41. a4 Kf5 42. a5 Rd3 43. a6 Kg4 44. a7 Rd8 45. Nb6 1-0

[Event "*** Titled Tuesday Blitz"]
[Site "Chess.com"]
[Date "2021.02.16"]
[Round "11"]
[White "GregShahade"]
[Black "zeitnot2006"]
[Result "1-0"]
[WhiteElo "2665"]
[BlackElo "2526"]
[TimeControl "180+1"]
[EndTime "12:09:39 PST"]
[Termination "GregShahade won by resignation"]

1. e4 c5 2. Nf3 e6 3. d4 cxd4 4. Nxd4 Nc6 5. Nc3 Qc7 6. Be3 a6 7. Qf3 Nf6 8. O-O-O Ne5 9. Qg3 b5 10. a3 Bb7 11. f3 d6 12. Kb1 h5 13. h4 g6 14. Bg5 Nfd7 15. Qh3 Be7 16. Be2 Nc4 17. Bxc4 Qxc4 18. Bxe7 Kxe7 19. Qg3 e5 20. Nb3 a5 21. Qg5+ f6 22. Qxg6 Rhg8 23. Qh7+ Kd8 24. Rxd6 Bc6 25. Rhd1 Kc7 26. Rxd7+ Bxd7 27. Qxd7+ Kb6 1-0

[Event "*** Titled Tuesday Blitz"]
[Site "Chess.com"]
[Date "2021.02.16"]
[Round "11"]
[White "RD4ever"]
[Black "ChessWarrior7197"]
[Result "1-0"]
[WhiteElo "2904"]
[BlackElo "2956"]
[TimeControl "180+1"]
[EndTime "12:09:40 PST"]
[Termination "RD4ever won by resignation"]

1. d4 d5 2. Bf4 c5 3. e3 Nc6 4. Nf3 Nf6 5. Nbd2 Qb6 6. dxc5 Qxb2 7. Rb1 Qc3 8. Bb5 g6 9. e4 Bg7 10. Be5 Qxc5 11. Bd4 Qa3 12. exd5 a6 13. Nc4 Qxa2 14. Ra1 axb5 15. Rxa2 Rxa2 16. dxc6 bxc4 17. Qb1 Ra6 18. cxb7 Re6+ 19. Be3 Bxb7 20. Qxb7 O-O 21. O-O c3 22. h3 h6 23. Rd1 g5 24. Nd4 Rd6 25. Ra1 e6 26.
Ra8 Rxa8 27. Qxa8+ Kh7 28. Qc8 Nd5 29. Nb5 Ne7 30. Qc7 Rd1+ 31. Kh2 Bf6 32. Nxc3 Ra1 33. Ne4 Kg6 34. Nxf6 Nd5 35. Nxd5 1-0

[Event "*** Titled Tuesday Blitz"]
[Site "Chess.com"]
[Date "2021.02.16"]
[Round "11"]
[White "IceBelka"]
[Black "muchojogo"]
[Result "1-0"]
[WhiteElo "2403"]
[BlackElo "2323"]
[TimeControl "180+1"]
[EndTime "12:09:41 PST"]
[Termination "IceBelka won by resignation"]

1. e4 c6 2. d4 d5 3. exd5 cxd5 4. c3 Nf6 5. Bf4 Nc6 6. h3 Bf5 7. Bd3 Bxd3 8. Qxd3 e6 9. Nf3 Bd6 10. Bxd6 Qxd6 11.
O-O O-O 12. Nbd2 Rab8 13. a4 a6 14. Rfe1 b5 15. axb5 axb5 16. b4 Nd7 17. Nb3 Nb6 18. Nc5 Nc4 19. Ra6 Ra8 20. Rea1 Rxa6 21. Rxa6 Qc7 22. Ng5 g6 23. h4 Rc8 24. h5 Qf4 25.
Nh3 Qd2 26. Qxd2 Nxd2 27. h6 Ne4 28. Ra3 Nd6 29. Ng5 Nf5 30. Ra6 Nxh6 31. Rb6 Ng4 32. Rxb5 Ra8 33. g3 h6 34. Nh3 Ra3 35. Rb6 Ne7 36.
Rb8+ Kg7 37. Rb7 Nf5 38. Nxe6+ Kg8 39. Rb8+ Kh7 40. Nef4 Rxc3 41. Nxd5 Rd3 42. Rb7 Kg8 43. Ne7+ Nxe7 44. Rxe7 Rxd4 45. b5 Rb4 46. Rb7 Ne5 47. Nf4 Nc4 48. Nd5 Kg7 49. Nxb4 1-0

[Event "*** Titled Tuesday Blitz"]
[Site "Chess.com"]
[Date "2021.02.16"]
[Round "11"]
[White "kidagent"]
[Black "Eloist"]
[Result "1-0"]
[WhiteElo "2330"]
[BlackElo "2385"]
[TimeControl "180+1"]
[EndTime "12:09:41 PST"]
[Termination "kidagent won on time"]

1. e4 e6 2. d4 d5 3. Nd2 Nf6 4.
e5 Nfd7 5. Bd3 c5 6. c3 b6 7. Ne2 Ba6 8. Bxa6 Nxa6 9. O-O b5 10. f4 Qb6 11. Kh1 g6 12. Nf3 Be7 13. Be3 c4 14. a3 Nab8 15. b4 a5 16. Qd2 Nc6 17. g4 h5 18. g5 Kf8 19. h4 Kg7 20. Ng3 Ra6 21.
Rf2 axb4 22. cxb4 Bxb4 23. Qb2 Rha8 24. Rff1 Bxa3 25. Qb1 Bf8 26. Rxa6 Qxa6 27. f5 Qa2 28. Qxb5 Qa4 29. Qb1 Qb3 30. fxg6 fxg6 31. Qe1 Bb4 32. Qf2 Ra2 33. Nd2 Rxd2 34. Qf7+ Kh8 35. Nxh5 gxh5 36.
g6 1-0

[Event "*** Titled Tuesday Blitz"]
[Site "Chess.com"]
[Date "2021.02.16"]
[Round "11"]
[White "Guzman70"]
[Black "zurzan"]
[Result "1-0"]
[WhiteElo "2244"]
[BlackElo "2036"]
[TimeControl "180+1"]
[EndTime "12:09:41 PST"]
[Termination "Guzman70 won on time"]

1. d4 d6 2. e4 Nf6 3. Nc3 Nbd7 4.
Nf3 e5 5. Bc4 Be7 6. a4 c6 7. Ba2 h6 8. h3 Qc7 9. Be3 Nf8 10. a5 g5 11. a6 b6 12. d5 c5 13.
Bc4 Bd7 14. Nb5 Bxb5 15. Bxb5+ N8d7 16. Nd2 Kf8 17. h4 g4 18. h5 Kg7 19. f3 g3 20.
Rh3 Rag8 21. Rxg3+ Kh7 22. Rxg8 Rxg8 23. g4 Ne8 24. Qe2 Bh4+ 25. Bf2 Bg5 26. O-O-O Ng7 27.
Kb1 Nb8 28. Nc4 Qe7 29. Rd3 f6 30. Ra3 Nd7 31. Qd3 Ne8 32. Qb3 Nc7 33. Bc6 Nf8 34.
Nxb6 axb6 35. a7 Nd7 36. a8=Q Nxa8 37. Bxa8 b5 38. Qxb5 Rb8 39. Qc6 Nb6 40. Bxc5 dxc5 41. d6 Qd8 42. Ra7+ Kg8 43. Qxc5 Nd7 44. Bd5+ Kh8 45.
Qc7 Qxc7 46. dxc7 Rc8 47. Be6 1-0

[Event "*** Titled Tuesday Blitz"]
[Site "Chess.com"]
[Date "2021.02.16"]
[Round "11"]
[White "Sokoloco"]
[Black "GMJustin"]
[Result "1-0"]
[WhiteElo "2466"]
[BlackElo "2332"]
[TimeControl "180+1"]
[EndTime "12:09:42 PST"]
[Termination "Sokoloco won on time"]

1. b3 d5 2. Bb2 Nf6 3. e3 g6 4. f4 Bg7 5. Nf3 O-O 6. d4 Ne4 7. Bd3 c5 8. Nbd2 Nd6 9. O-O Bf5 10. Ne5 Bxd3 11. cxd3 cxd4 12. Bxd4 Nf5 13. Ndf3 Nxd4 14.
Nxd4 Nd7 15. Ndf3 Nxe5 16. fxe5 d4 17. exd4 Qd5 18. Qe2 f6 19. Rac1 Rac8 20. Qe4 Qxe4 21. dxe4 fxe5 22. Nxe5 Bxe5 23. Rxf8+ Rxf8 24. dxe5 Kf7 25. Rc7 Rb8 26. Kf2 Ke6 27. Ke3 a5 28. Kd4 b5 29.
Kc5 b4 30. Ra7 Rd8 31. Rxa5 Rd2 32. Kxb4 Rxg2 33. a4 Rxh2 34. Rc5 h5 35. a5 Ra2 36.
Rc6+ Kxe5 37. Rxg6 Kxe4 38. Rh6 1-0

[Event "*** Titled Tuesday Blitz"]
[Site "Chess.com"]
[Date "2021.02.16"]
[Round "11"]
[White "annacramling"]
[Black "MariaFominykh"]
[Result "0-1"]
[WhiteElo "2121"]
[BlackElo "2261"]
[TimeControl "180+1"]
[EndTime "12:09:42 PST"]
[Termination "MariaFominykh won on time"]

1. d4 d6 2. Nf3 Nf6 3. c4 g6 4.
Nc3 Bg7 5. e4 O-O 6. h3 e5 7. d5 a5 8. Bg5 Na6 9. Be2 Qe8 10. g4 Nd7 11. Qd2 Ndc5 12. O-O-O a4 13. Rdg1 Kh8 14. h4 f5 15. gxf5 gxf5 16. exf5 Bxf5 17.
h5 Nb4 18. Ne1 Nxa2+ 19. Kd1 Nxc3+ 20. Qxc3 Ne4 21. Qe3 Nxf2+ 22. Kc1 Nxh1 23. h6 Bf6 24.
Bxf6+ Rxf6 25. Rxh1 a3 26. bxa3 Qa4 27. Kb2 Rg6 28.
Rh2 c6 29. Nd3 Qxa3+ 30. Kc2 cxd5 31. Kd2 Qa2+ 32. Ke1 Qb1+ 33. Kf2 Qg1+ 34. Kf3 Be4+ 0-1

[Event "*** Titled Tuesday Blitz"]
[Site "Chess.com"]
[Date "2021.02.16"]
[Round "11"]
[White "Grineva_Marianna"]
[Black "Kostukov_Alex"]
[Result "0-1"]
[WhiteElo "2225"]
[BlackElo "2323"]
[TimeControl "180+1"]
[EndTime "12:09:45 PST"]
[Termination "Kostukov_Alex won by resignation"]

1. e4 c5 2. Nf3 g6 3. d4 cxd4 4. Nxd4 Bg7 5. c4 Nc6 6. Be3 Nf6 7. Nc3 Nxd4 8. Bxd4 Qa5 9. f3 O-O 10. Qd2 d6 11.
Be2 Be6 12. O-O Rfc8 13. b3 b5 14. cxb5 Nxe4 15. fxe4 Bxd4+ 16. Qxd4 Qxc3 17. Qxc3 Rxc3 18. Rac1 Rac8 19. Bc4 Rxc1 20. Rxc1 Kg7 21. Kf2 Kf6 22. Ke3 Ke5 23. Kd3 f5 24. Re1 Bxc4+ 25. bxc4 f4 26. a4 g5 27. a5 g4 28. Rf1 h5 29. b6 axb6 30. axb6 e6 31. Rb1 Kf6 32. Kd4 Ke7 33. b7 e5+ 34. Kd3 Rb8 35. h3 Kd7 36. hxg4 hxg4 37. Rh1 Rxb7 38. g3 Rb3+ 39. Ke2 Rxg3 40.
Rh7+ Kc6 41. Rg7 Re3+ 42. Kf1 g3 43. Rg8 Rxe4 44. Rc8+ Kd7 45. Ra8 Rxc4 46. Ra7+ Ke6 47. Kg2 Rc2+ 48. Kf3 Rf2+ 0-1